 Dungeon Crawl Stone Soup version 0.23.0 (webtiles) character file.

Game seed: 10185668195434855159

434 ernesto the Chopper (level 7, 0/60 HPs)
             Began as a Hill Orc Fighter on Feb 9, 2019.
             Slain by an ogre
             ... wielding a +0 giant spiked club
              (29 damage)
             ... on level 4 of the Dungeon.
             The game lasted 00:17:44 (4484 turns).

ernesto the Chopper (Hill Orc Fighter)              Turns: 4484, Time: 00:17:44

Health: 0/60       AC:  7    Str: 21      XL:     7   Next: 0%
Magic:  0/7        EV:  8    Int:  8      God:
Gold:   158        SH: 10    Dex:  9 (10) Spells: 6/6 levels left

rFire    . . .     SeeInvis .   a - +0 war axe
rCold    . . .     Gourm    .   c - +1 shield
rNeg     . . .     Faith    .   b - +0 scale mail
rPois    .         Spirit   +   (no helmet)
rElec    .         Reflect  .   u - scarf {Spirit}
rCorr    .         Harm     .   (no gloves)
MR       .....                  (no boots)
Stlth    ..........             (no amulet)
HPRegen  0.20/turn              (no ring)
MPRegen  0.10/turn              (no ring)

@: no status effects
A: no striking features
a: no special abilities


You were on level 4 of the Dungeon.
You were not hungry.

You visited 1 branch of the dungeon, and saw 4 of its levels.

You collected 158 gold pieces.

Inventory:

Hand Weapons
 a - a +0 war axe (weapon)
Armour
 b - a +0 scale mail (worn)
 c - a +1 shield (worn)
 j - a +0 cloak
 s - a +0 chain mail
 u - a scarf of spirit shield (worn)
Scrolls
 h - 2 scrolls of identify
 k - a scroll of enchant armour
Potions
 e - a potion of resistance {unknown}
 m - 2 potions of curing
 r - 2 potions of brilliance
Comestibles
 f - 4 rations


   Skills:
 + Level 4.7 Fighting
 + Level 5.6 Axes
 + Level 4.5 Armour
 + Level 1.9 Dodging
 + Level 0.2 Stealth
 - Level 5.0 Shields


You had 6 spell levels left.
You didn't know any spells.
Your spell library was empty.

Dungeon Overview and Level Annotations

Branches:
Dungeon (4/15)             Temple (0/1) D:4

Altars:

Annotations:
D:2 Eustachio


Message History

The ogre is severely wounded.
The ogre hits you with a +0 giant spiked club!
The ogre hits you with a +0 giant spiked club!
* * * LOW HITPOINT WARNING * * *
You barely miss the ogre.
The ogre is severely wounded.
You feel much better.
The ogre hits you with a +0 giant spiked club!!
* * * LOW HITPOINT WARNING * * *
You hit the ogre.
The ogre is almost dead.
You block the ogre's attack.
You barely miss the ogre.
The ogre is almost dead.
The ogre closely misses you.
You feel much better. The ogre barely misses you.
Your scale mail prevents you from hitting the ogre.
The ogre is almost dead.
The ogre hits you with a +0 giant spiked club!!
You die...

****** ##### #### ,,,,,*
#.[.# #... ,,,,,*
####*#########..## #...
,,,,,*##...##...##.....#
#...
,,,,,,.........O@..#.###
#...
,,,,,*..=............#
##..)
*,,***............####
#...# **,*
*............# ###..##
*,* *#..........##
#....# **,* #....#....##
#.#.## **,* ###.##...##
#...# **,* ##..#..##
#####..## ,*,*
**#......## ###......#


You could see an ogre.

Vanquished Creatures
  A phantom (D:3)
  A crimson imp (D:2)
  2 hounds (D:3)
  A gnoll shaman (D:3)
  An iguana (D:4)
  2 worker ants
  5 adders
  3 gnolls
  A worm (D:4)
  2 dart slugs (D:3)
  3 leopard geckos
  5 orcs
  11 bats
  5 giant cockroaches
  9 goblins
  9 hobgoblins
  4 jackals (D:3)
  A quokka (D:4)
  3 frilled lizards
  6 kobolds
  5 rats
80 creatures vanquished.

Notes
Turn   | Place    | Note
-------+----------+-------------------------------------------
     0 | D:1      | ernesto the Hill Orc Fighter began the quest for the Orb.
     0 | D:1      | Reached XP level 1. HP: 19/19 MP: 1/1
   239 | D:1      | Reached XP level 2. HP: 23/27 MP: 2/2
   835 | D:2      | Found a faded altar of an unknown god.
   960 | D:2      | Reached XP level 3. HP: 33/33 MP: 3/3
  1222 | D:2      | Reached XP level 4. HP: 24/40 MP: 4/4
  1944 | D:3      | Reached XP level 5. HP: 45/47 MP: 5/5
  2696 | D:4      | Noticed a phantom
  2936 | D:4      | Reached skill level 1 in Dodging
  3009 | D:3      | Reached XP level 6. HP: 47/53 MP: 6/6
  3135 | D:4      | Noticed Eustachio
  3215 | D:4      | Reached skill level 5 in Axes
  3248 | D:3      | Killed a phantom
  4305 | D:4      | Reached skill level 5 in Shields
  4371 | D:4      | Reached XP level 7. HP: 50/60 MP: 5/7
  4484 | D:4      | Slain by an ogre

Skill      XL: |  1  2  3  4  5  6 |
---------------+-------------------+-----
Fighting       | 4 |  4.7
Axes           | 3 4 5 |  5.6
Shields        | 4 5 |  5.0
Armour         | 4 |  4.5
Dodging        | 1 |  1.9
Stealth        | |  0.2

Action                   |  1- 3 |  4- 6 |  7- 9 || total
-------------------------+-------+-------+-------++-------
Melee: War axe           |   148 |   226 |     8 ||   382
  Use: Scroll            |       |    11 |       ||    11
       Potion            |       |     1 |     2 ||     3
  Eat: Ration            |       |     1 |       ||     1
       Chunk             |       |     8 |     1 ||     9
Armor: Scale mail        |    74 |   120 |       ||   194
Dodge: Dodged            |    39 |    81 |     2 ||   122
Block: Shield            |    70 |   154 |     1 ||   225
